 Dungeon Crawl Stone Soup version 0.29.1-15-g9cfb28693d (webtiles) character file.

Game seed: 12142785838534104253

48 KittyFluff the Trooper (level 3, -2/24 HPs)
             Began as a Gargoyle Berserker on Apr 9, 2023.
             Was a Follower of Trog.
             Slain by a gnoll
             ... wielding a +0 halberd
              (10 damage)
             ... on level 2 of the Dungeon.
             The game lasted 00:04:25 (1293 turns).

KittyFluff the Trooper (Gargoyle Berserker)         Turns: 1293, Time: 00:04:26

Health: -2/24      AC:  6    Str: 20    XL:     3   Next: 72%
Magic:  3/3        EV: 11    Int:  7    God:    Trog [*.....]
Gold:   112        SH:  0    Dex: 11    Spells: 2/2 levels left

rFire   . . .      SeeInvis .   a - +0 mace
rCold   . . .      Faith    .   (no shield)
rNeg    + . .      Spirit   .   o - +0 leather armour
rPois   ∞          Reflect  .   (no helmet)
rElec   +          Harm     .   (no cloak)
rCorr   .          Rampage  .   (no gloves)
Will    .....                   (no boots)
Stlth   +.........              (no amulet)
HPRegen 0.08/turn               (no ring)
MPRegen 0.08/turn               (no ring)

@: no status effects
A: sickness immunity, AC +3, negative energy resistance 1, electricity
resistance, torment resistance 1, petrification resistance
a: Renounce Religion, Berserk


You were on level 2 of the Dungeon.
You worshipped Trog.
Trog was aware of your devotion.
You visited 1 branch of the dungeon, and saw 2 of its levels.

You collected 112 gold pieces.

Inventory:

Hand Weapons
 a - a +0 mace (weapon)
Missiles
 e - 12 stones (quivered)
 h - 2 throwing nets
Armour
 b - a +0 robe of resistance
 o - a +0 leather armour (worn)
Scrolls
 c - a scroll of teleportation {unknown}
 d - a scroll of fear {unknown}
 j - a scroll of noise {unknown}
 l - a scroll of identify {unknown}
 n - a scroll of immolation {unknown}
Potions
 f - 2 potions of might {unknown}
 g - 3 potions of curing {unknown}
 i - a potion of berserk rage {unknown}
 k - a potion of degeneration {unknown}
 m - a potion of resistance {unknown}


   Skills:
 + Level 3.7 Fighting
 + Level 3.6 Maces & Flails
 * Level 2.9 Armour
 + Level 1.8 Dodging


You had 2 spell levels left.
You didn't know any spells.
Your spell library was empty.

Dungeon Overview and Level Annotations

Branches:
Dungeon (2/15)

Altars:
Fedhas


Innate Abilities, Weirdness & Mutations

You are immune to sickness and miasma.
Your stone body is resilient. (AC +3)
You are immune to poison.
You resist negative energy. (rN+)
You are resistant to electric shocks. (rElec)
You are resistant to unholy torment.
You are immune to petrification.


Message History

Things that are here:
a +0 dagger; a +0 leather armour; a kobold corpse
Things that are here:
a +0 dagger; a +0 leather armour; a kobold corpse
o - a +0 leather armour You start removing your armour.
You continue taking off your +0 animal skin. x4
You finish taking off your +0 animal skin.
You start putting on your armour.
You continue putting on your +0 leather armour. x5
You finish putting on your +0 leather armour.
You drop a +0 animal skin.
You now have 107 gold pieces (gained 6).
You see here a +0 robe of resistance.
b - a +0 robe of resistance
Found 5 gold pieces.
You now have 112 gold pieces (gained 5).
A gnoll comes into view. It is wielding a +0 whip.
A gnoll comes into view. It is wielding a +0 halberd.
You hit the gnoll.
The gnoll is moderately wounded.
The gnoll shouts!
The gnoll hits you with a +0 whip. x2; The gnoll falls through a shaft!
The shaft crumbles and collapses.
A gnoll comes into view. It is wielding a +0 spear.
The gnoll shouts!
You hit the gnoll.
The gnoll is heavily wounded.
The gnoll hits you with a +0 whip.
You sock the gnoll!
You kill the gnoll!
Trog accepts your kill.
The gnoll hits you from afar with a +0 halberd.
You see here a +0 whip.
The gnoll hits you from afar with a +0 spear.
The gnoll closely misses you.
You hit the gnoll.
The gnoll is moderately wounded.
The gnoll hits you with a +0 halberd!
You die...

♣♣♣♣♣♣ ♣♣♣♣♣
♣♣♣....♣♣♣♣♣♣♣....
♣@)♣♣♣....♣♣...♣♣.
.....gg♣♣♣
♣♣♣♣...♣♣♣♣♣♣
#.....♣ ♣♣♣♣♣
##♣♣♣♣ ♣♣ ♣♣♣♣.
♣♣♣.... ♣....♣♣


You could see 2 gnolls.

Vanquished Creatures
  A gnoll (D:2)
  An adder (D:2)
  A dart slug (D:1)
  A bat (D:1)
  2 endoplasms (D:2)
  A giant cockroach (D:1)
  2 goblins
  3 hobgoblins
  3 jackals (D:1)
  2 kobolds
  2 quokkas
  4 frilled lizards
  2 rats (D:2)
25 creatures vanquished.

Notes
Turn   | Place    | Note
-------+----------+-------------------------------------------
     0 | D:1      | KittyFluff the Gargoyle Berserker began the quest for the
                  | Orb.
     0 | D:1      | Reached XP level 1. HP: 14/14 MP: 1/1
    65 | D:1      | Found a faded altar of an unknown god.
   108 | D:1      | Reached XP level 2. HP: 12/19 MP: 2/2
  1052 | D:2      | Reached XP level 3. HP: 23/23 MP: 3/3
  1109 | D:2      | Found a blossoming altar of Fedhas.
  1293 | D:2      | Slain by a gnoll

Illustrated notes

Levels and vault maps discovered:
D:1:      minmay_arrival_plants_in_alcoves, layout_loops_ring,
          hellmonk_ecumenical_altar_crossroads, minmay_lizard_pond
D:2:      kb_forest_paths, layout_rooms, basic_altar, amcnicky_mini_pool_small

Action                   || total
-------------------------++-------
Melee: Mace              ||    73
       Punch             ||     1
Armor: Animal skin       ||    30
Dodge: Dodged            ||    66
